 Dungeon Crawl Stone Soup version 0.27.1-33-g824d729ab1 (webtiles) character file.

Game seed: 14772696718211992156

101284 alasdair19 the Peltast (level 15, -8/134 HPs)
             Began as a Minotaur Fighter on Nov 30, 2021.
             Was a High Priest of Okawaru.
             Mangled by a goliath frog (10 damage)
             ... on level 3 of the Swamp on Dec 3, 2021.
             The game lasted 02:15:55 (36746 turns).

alasdair19 the Peltast (Minotaur Fighter)          Turns: 36746, Time: 02:15:56

Health: -8/134     AC: 13    Str: 27    XL:     15   Next: 82%
Magic:  21/21      EV:  7    Int: 10    God:    Okawaru [*****.]
Gold:   2362       SH: 27    Dex: 11    Spells: 14/14 levels left

rFire    + . .     SeeInvis .   k - +5 scimitar (protect)
rCold    + + .     Faith    .   U - +0 tower shield {rC+}
rNeg     . . .     Spirit   .   K - +2 plate armour {Will+}
rPois    +         Reflect  +   i - +0 hat
rElec    .         Harm     .   y - +1 cloak
rCorr    .         Rampage  .   Q - +2 pair of gloves "Kaokul" {+Inv rF+ Str+2 Int+4}
Will     ++...                  t - +0 pair of boots {Fly}
Stlth    ..........             S - amulet of reflection
HPRegen  0.32/turn              s - ring of protection from cold
MPRegen  0.17/turn              x - ring of poison resistance

@: corroded, flying
A: horns 2, retaliatory headbutt
a: Renounce Religion, Evoke Invisibility, Heroism, Finesse


You were on level 3 of the Swamp.
You worshipped Okawaru.
Okawaru was extremely pleased with you.
You visited 5 branches of the dungeon, and saw 26 of its levels.
You also visited: Ice Cave.

You collected 3448 gold pieces.
You spent 1086 gold pieces at shops.

Inventory:

Hand Weapons
 f - the +8 storm bow {elec, penet}
   (Okawaru gifted it to you on level 1 of the Swamp)

   Any ammunition fired from it occasionally discharges a powerful burst of
   electricity upon striking a foe.
   Any ammunition fired by it passes through the targets it hits, potentially
   hitting all targets in its path until it reaches maximum range.
 k - a +5 scimitar of protection (weapon)
 v - a +4 quick blade
 L - a +1 rapier of venom
Missiles
 d - 11 atropa-tipped darts
 j - a throwing net
 q - 6 silver javelins
 J - 16 boomerangs (quivered)
 R - 14 javelins
Armour
 i - a +0 hat (worn)
 t - a +0 pair of boots of flying (worn)
 y - a +1 cloak (worn)
 E - a +0 tower shield of reflection
 K - a +2 plate armour of willpower (worn)
 Q - the +2 pair of gloves "Kaokul" (worn) {+Inv rF+ Str+2 Int+4}
   (Okawaru gifted it to you on level 1 of the Lair of Beasts)

   Str:       It affects your strength (+2).
   Int:       It affects your intelligence (+4).
   rF:        It protects you from fire.
   +Inv:      It lets you turn invisible.
 U - a +0 tower shield of cold resistance (worn)
Jewellery
 m - an amulet of the acrobat
 o - a ring of protection from cold
 s - a ring of protection from cold (left hand)
 x - a ring of poison resistance (right hand)
 C - an amulet of faith
 S - an amulet of reflection (around neck)
 Z - a ring of willpower
Wands
 b - a wand of flame (60)
 g - a wand of iceblast (36)
 A - a wand of acid (9)
 D - a wand of digging (4)
 F - a wand of mindburst (12)
 G - a wand of charming (12)
 M - a wand of paralysis (25)
 Y - a wand of polymorph (6)
Scrolls
 l - 4 scrolls of teleportation
 n - a scroll of silence
 u - 6 scrolls of holy word
 w - 6 scrolls of amnesia
 z - 3 scrolls of identify
 H - a scroll of blinking
 I - 2 scrolls of magic mapping
 X - a scroll of acquirement
Potions
 a - a potion of heal wounds
 c - a potion of ambrosia
 e - 5 potions of haste
 h - 8 potions of curing
 p - 3 potions of berserk rage
 P - 2 potions of invisibility
 T - a potion of resistance
 V - 3 potions of cancellation
Miscellaneous
 r - a lightning rod (4/4)
 B - a lightning rod (4/4)
 O - a tin of tremorstones (2/2)
 W - a phantom mirror


   Skills:
 + Level 12.4 Fighting
 - Level 2.8(9.4) Short Blades
 - Level 14.5(14.7) Long Blades
 + Level 7.2 Throwing
 + Level 13.5 Armour
 - Level 1.0 Dodging
 + Level 17.2 Shields
 - Level 10.0 Invocations
 * Level 8.1 Evocations


You had 14 spell levels left.
You didn't know any spells.
Your spell library contained the following spells:

 Spells                   Type           Power      Damage    Failure   Level
 Summon Small Mammal      Summ           0%         N/A       100%        1
 Call Canine Familiar     Summ           0%         N/A       100%        3
 Conjure Flame            Conj/Fire      0%         6-21      100%        3
 Gell's Gravitas          Tloc           0%         N/A       100%        3
 Ignite Poison            Fire/Tmut/Pois 0%         N/A       100%        3
 Inner Flame              Hex/Fire       0%         N/A       100%        3
 Lesser Beckoning         Tloc           0%         N/A       100%        3
 Stone Arrow              Conj/Erth      0%         3d7       100%        3
 Summon Guardian Golem    Hex/Summ       0%         N/A       100%        3
 Teleport Other           Tloc           0%         N/A       100%        3
 Animate Armour           Summ/Erth      0%         N/A       100%        4
 Cause Fear               Hex            0%         N/A       100%        4
 Leda's Liquefaction      Hex/Erth       0%         N/A       100%        4
 Sticky Flame             Conj/Fire      0%         2d3       100%        4
 Bolt of Magma            Conj/Fire/Erth 0%         4d4       100%        5
 Fireball                 Conj/Fire      0%         3d3       100%        5
 Freezing Cloud           Conj/Ice/Air   0%         6-21      100%        5
 Dispersal                Tloc           0%         N/A       100%        6
 Simulacrum               Ice/Necr       0%         N/A       100%        6
 Starburst                Conj/Fire      0%         6d3       100%        6
 Statue Form              Tmut/Erth      0%         N/A       100%        6
 Dragon Form              Tmut           0%         N/A       100%        7
 Discord                  Hex            0%         N/A       100%        8
 Disjunction              Tloc           0%         N/A       100%        8
 Ignition                 Fire           0%         3d3       100%        8
 Lehudib's Crystal Spear  Conj/Erth      0%         10d2      100%        8
 Dragon's Call            Summ           0%         N/A       100%        9
 Polar Vortex             Ice            0%         N/A       100%        9


Dungeon Overview and Level Annotations

Branches:
Dungeon (14/15)            Temple (1/1) D:7            Lair (6/6) D:10
  Swamp (3/4) Lair:2        Snake (0/4) Lair:4        Slime (0/5) Lair:6
    Orc (2/2) D:9             Elf (0/3) Orc:2        Vaults (0/5) D:13
  IceCv (visited)

Altars:
Ashenzari
Cheibriados
Dithmenos
Elyvilon
Fedhas
Hepliaklqana
Kikubaaqudgha
Okawaru
Qazlal
Trog
Vehumet
Wu Jian
Xom
Yredelemnul
Zin
The Shining One
Beogh

Shops:
D:1 [   D:10 (   Orc:2 !([[

Annotations:
Lair:2 exclusion: oklob plant


Innate Abilities, Weirdness & Mutations

You have a pair of horns on your head.
You reflexively headbutt those who attack you in melee.


Message History

You are splashed with acid!
You hit the goliath frog but do no damage.
Your headbutt misses the goliath frog.
The goliath frog is almost dead.
The goliath frog barely misses you. The eleionoma hits you.
You hit the goliath frog but do no damage.
The goliath frog is almost dead.
The goliath frog hits you but does no damage.
The eleionoma hits you but does no damage.
You hit the goliath frog but do no damage.
Your headbutt misses the goliath frog.
The goliath frog is almost dead.
You block the spriggan air mage's attack.
The goliath frog hits you but does no damage.
The eleionoma splashes around in the water.
You closely miss the goliath frog.
The goliath frog is almost dead.
You block the spriggan air mage's attack.
You block the goliath frog's attack. You block the goliath frog's attack.
The spriggan air mage waves its arms in wide circles.
The air twists around and strikes you. The goliath frog hits you from afar.
The acid corrodes you!
You are splashed with acid!
You block the spriggan air mage's attack.
The spriggan air mage waves its arms in wide circles.
The air twists around and strikes you!! You block the goliath frog's attack.
You block the goliath frog's attack.
The goliath frog hits you but does no damage.
You block the goliath frog's attack.
The spriggan air mage casts a spell at you.
The bolt of lightning hits you!!!
* * * LOW HITPOINT WARNING * * *
The mangrove smoulders and burns.
The spriggan air mage waves its arms in wide circles.
The air twists around and strikes you!!
* * * LOW HITPOINT WARNING * * *
The eleionoma flows through the trees.
The goliath frog hits you from afar!
You die...

.≈≈≈≈≈.......≈≈§≈≈≈.≈≈≈≈≈≈
≈≈≈≈≈≈≈≈≈.≈≈≈≈≈≈≈≈≈≈≈≈≈≈≈≈
≈≈≈≈§≈≈≈≈≈≈≈.≈≈≈≈≈≈≈≈≈≈≈≈≈
≈≈≈≈≈≈≈≈≈.i♣♣.R≈.≈≈≈≈≈≈≈≈.
≈≈≈≈≈≈≈≈≈[.♣♣♣..♣≈♣.≈≈≈≈≈.
§≈≈≈≈≈≈≈...♣ ♣♣♣♣♣♣♣.§≈≈≈.
≈≈≈≈≈≈≈≈F≈≈♣ ♣.≈≈≈.
♣.≈.≈§≈.≈R♣♣♣♣ ♣♣♣..
♣.≈♣♣...≈@<.≈♣♣ .
♣...≈≈≈...♣♣ ♣♣♣♣≈≈...≈≈♣
♣♣≈♣♣.≈≈.♣ ♣♣♣≈≈≈≈.≈≈.♣
♣≈≈≈≈≈≈♣..<♣♣♣
♣♣≈≈≈≈≈≈.♣..≈♣
♣♣♣♣♣♣≈≈≈≈≈♣≈♣♣.≈♣
♣♣♣.≈≈≈♣♣≈≈≈♣≈.≈≈≈≈♣


You could see an eleionoma, a spriggan air mage (repels missiles) and a goliath
frog.

Vanquished Creatures
  Kirke (Swamp:2)
  A thorn hunter (Swamp:1)
  A reaper (IceCv)
  Nessos (D:13)
  2 spark wasps (Swamp:1)
  An eleionoma (Swamp:2)
  3 boulder beetles
  A ghost crab (Lair:2)
  9 hydras
  A centaur warrior (D:13)
  An ogre mage (D:13)
  4 catoblepae
  3 alligators
  5 two-headed ogres
  The ghost of diceflayer the Cleaver, a novice MiFi of Okawaru (D:9)
  6 death yaks (Lair:6)
  4 orc high priests (Orc:2)
  A tengu warrior (D:12)
  A skeletal warrior (D:13)
  2 swamp dragons (Swamp:1)
  5 goliath frogs
  A bog body (Swamp:1)
  A spriggan druid (Swamp:1)
  Pikel (D:6)
  2 orc knights
  An ugly thing (D:12)
  2 orc sorcerers (Orc:2)
  2 manticores (Lair:6)
  3 will-o-the-wisps
  2 cyclopes (D:12)
  5 black mambas
  11 cane toads
  An ice statue (IceCv)
  An unseen horror (D:10)
  4 rime drakes
  11 komodo dragons
  A torpor snail (Lair:3)
  5 yaktaurs (D:13)
  An anaconda simulacrum (IceCv)
  A tengu conjurer (D:12)
  A kobold demonologist (D:12)
  An ice devil (IceCv)
  6 trolls
  8 tyrant leeches
  12 hornets
  2 polar bears
  Prince Ribbit (D:6)
  30 blink frogs
  4 slime creatures
  4 dream sheep (Lair:6)
  12 spriggans
  A shadow (D:10)
  73 yaks
  A wraith (D:13)
  3 wyverns
  2 vampires
  A hog (Swamp:2)
  5 basilisks
  16 humans (D:13)
  8 vampire mosquitoes
  A death yak simulacrum (IceCv)
  Menkaure (D:5)
  9 swamp worms
  3 nagas (Lair:4)
  A steam dragon (D:10)
  2 harpy simulacra (IceCv)
  3 wargs
  2 acid dragons
  21 water moccasins
  5 sky beasts
  19 orc warriors
  5 black bears
  2 swamp drakes (Swamp:1)
  A necrophage (D:4)
  15 wolves
  5 centaurs
  3 ogres
  18 bullfrogs
  3 kobold brigands (D:12)
  4 gnoll sergeants
  8 two-headed ogre simulacra (IceCv)
  3 cane toad simulacra (IceCv)
  5 scorpions
  A water moccasin skeleton (D:5)
  10 killer bees
  4 wights
  2 howler monkeys
  2 hounds (D:5)
  7 centaur zombies
  26 orc priests
  9 jellies (Lair:2)
  A gnoll shaman (D:7)
  2 bullfrog skeletons
  2 iguanas
  23 orc wizards
  7 troll simulacra (IceCv)
  4 polar bear simulacra (IceCv)
  4 spriggan simulacra (IceCv)
  A wolf simulacrum (IceCv)
  A hound zombie (D:5)
  A howler monkey zombie (D:9)
  19 gnolls
  6 adders
  2 naga simulacra (IceCv)
  A shadow imp (D:6)
  7 white imps
  6 ufetubi (IceCv)
  An adder skeleton (D:4)
  A worm (D:2)
  A dart slug (D:2)
  59 orcs
  9 ball pythons
  3 bats
  18 endoplasms
  3 giant cockroaches
  4 goblins
  10 hobgoblins
  10 jackals
  14 kobolds
  3 quokkas
  10 frilled lizards
  3 rats
737 creatures vanquished.

Vanquished Creatures (others)
  3 bloated husks
  A human (Swamp:2)
  A hog (Swamp:2)
  An orc wizard (D:6)
  2 briar patches (Swamp:1)
  A bush (Lair:6)
  22 foxfires
  92 fungi
  95 plants
218 creatures vanquished.

Grand Total: 955 creatures vanquished

Notes
Turn   | Place    | Note
-------+----------+-------------------------------------------
     0 | D:1      | alasdair19 the Minotaur Fighter began the quest for the
                  | Orb.
     0 | D:1      | Reached XP level 1. HP: 19/19 MP: 0/0
    73 | D:1      | Found Egetet's Antique Armour Shop.
   321 | D:1      | Reached XP level 2. HP: 26/27 MP: 1/1
   684 | D:1      | Reached skill level 4 in Shields
   735 | D:1      | Reached XP level 3. HP: 29/33 MP: 2/2
   926 | D:2      | Reached skill level 1 in Dodging
   997 | D:2      | Found a faded altar of an unknown god.
   998 | D:2      | Noticed a shining eye
  1000 | D:2      | Noticed a floating eye
  1000 | D:2      | Noticed a shining eye
  1000 | D:2      | Noticed a golden eye
  1212 | D:2      | Reached XP level 4. HP: 38/41 MP: 3/3
  1792 | D:3      | Reached XP level 5. HP: 47/47 MP: 4/4
  2369 | D:4      | Noticed a necrophage
  2377 | D:4      | Killed a necrophage
  2451 | D:4      | Noticed a black bear
  2467 | D:4      | Killed a black bear
  2468 | D:4      | Reached skill level 5 in Long Blades
  2468 | D:4      | Reached skill level 5 in Armour
  2468 | D:4      | Reached skill level 5 in Shields
  2468 | D:4      | Reached XP level 6. HP: 52/55 MP: 5/5
  2618 | D:4      | Reached skill level 5 in Fighting
  2832 | D:1      | Bought a pair of glowing gloves for 150 gold pieces
  2895 | D:5      | Entered Level 5 of the Dungeon
  2925 | D:4      | Reached XP level 7. HP: 61/61 MP: 6/6
  3625 | D:5      | Noticed Menkaure
  3852 | D:5      | Reached skill level 6 in Shields
  4175 | D:5      | Killed Menkaure
  4176 | D:5      | Reached skill level 1 in Throwing
  4501 | D:5      | Reached XP level 8. HP: 66/70 MP: 7/7
  4840 | D:6      | Noticed Prince Ribbit
  4860 | D:6      | Killed Prince Ribbit
  5278 | D:1      | Bought a runed cloak for 150 gold pieces
  5368 | D:6      | Noticed Pikel
  5393 | D:6      | Killed Pikel
  5394 | D:6      | Reached skill level 7 in Shields
  5394 | D:6      | Reached XP level 9. HP: 9/78 MP: 8/8
  6038 | D:6      | Found a hazy altar of Hepliaklqana.
  6038 | D:6      | Found a blossoming altar of Fedhas.
  6227 | D:7      | Found a bloodstained altar of Trog.
  6393 | D:7      | Found a shimmering altar of Xom.
  6549 | D:7      | Reached skill level 8 in Shields
  7375 | D:7      | Found a staircase to the Ecumenical Temple.
  7424 | Temple   | Entered the Ecumenical Temple
  7440 | Temple   | Became a worshipper of Warmaster Okawaru
  7726 | D:8      | Found a shadowy altar of Dithmenos.
  7940 | D:8      | Found a radiant altar of Vehumet.
  8036 | D:8      | Noticed a two-headed ogre
  8044 | D:8      | Killed a two-headed ogre
  8044 | D:8      | Reached * piety under Okawaru
  8045 | D:8      | Reached skill level 10 in Long Blades
  8045 | D:8      | Reached XP level 10. HP: 28/86 MP: 9/9
  8298 | D:8      | Found a broken altar of Ashenzari.
  8940 | D:9      | Reached skill level 9 in Shields
  9096 | D:9      | Found a runed translucent gate.
  9096 | D:9      | Found a runed translucent gate.
  9096 | D:9      | Found a runed translucent gate.
  9096 | D:9      | Noticed diceflayer's ghost (novice MiFi)
  9097 | D:9      | Found a basalt altar of Yredelemnul.
  9104 | D:9      | Reached ** piety under Okawaru
  9435 | D:9      | Found a staircase to the Orcish Mines.
  9719 | D:9      | Found a stormy altar of Qazlal.
 10008 | Orc:1    | Entered Level 1 of the Orcish Mines
 10098 | Orc:1    | Noticed an orc knight
 10112 | Orc:1    | Killed an orc knight
 10113 | Orc:1    | Reached skill level 1 in Invocations
 10706 | Orc:2    | Entered Level 2 of the Orcish Mines
 10760 | Orc:2    | Noticed an orc sorcerer
 10763 | Orc:2    | Noticed an orange demon
 10764 | Orc:2    | Paralysed by an orc sorcerer for 7 turns
 10774 | Orc:2    | Killed an orc sorcerer
 10775 | Orc:2    | Reached skill level 5 in Throwing
 10864 | Orc:2    | Reached *** piety under Okawaru
 11201 | Orc:2    | Found a staircase to the Elven Halls.
 11993 | Orc:2    | Reached skill level 10 in Shields
 11993 | Orc:2    | Reached XP level 11. HP: 77/95 MP: 12/12
 12914 | Orc:2    | Noticed an orc high priest
 12929 | Orc:2    | Killed an orc high priest
 12929 | Orc:2    | Reached **** piety under Okawaru
 12930 | Orc:2    | Reached skill level 10 in Armour
 12958 | Orc:2    | Noticed an orc high priest
 12967 | Orc:2    | Killed an orc high priest
 12969 | Orc:2    | Noticed an orc high priest
 12975 | Orc:2    | Killed an orc high priest
 13175 | Orc:2    | Noticed an orc sorcerer
 13275 | Orc:2    | Killed an orc sorcerer
 13275 | Orc:2    | Reached ***** piety under Okawaru
 13316 | Orc:2    | Found Rupeasic's Armour Boutique.
 13316 | Orc:2    | Found Reiloir's Distillery.
 13317 | Orc:2    | Found Ciek's Antique Weapon Shop.
 13319 | Orc:2    | Noticed an orc high priest
 13338 | Orc:2    | Killed an orc high priest
 13338 | Orc:2    | Received a gift from Okawaru
 13348 | Orc:2    | Noticed a two-headed ogre
 13360 | Orc:2    | Killed a two-headed ogre
 13458 | Orc:2    | Found Coej Nyi's Antique Armour Boutique.
 13485 | Orc:2    | Received a gift from Okawaru
 13813 | D:1      | Bought a shiny plate armour for 520 gold pieces
 14129 | Orc:2    | Bought a runed rapier for 266 gold pieces
 14442 | D:9      | Killed diceflayer's ghost
 14443 | D:9      | Reached skill level 11 in Shields
 14443 | D:9      | Reached skill level 5 in Invocations
 14467 | D:10     | Entered Level 10 of the Dungeon
 14591 | D:10     | Received a gift from Okawaru
 14676 | D:10     | Received a gift from Okawaru
 15167 | D:10     | Found Gefutt's Antique Weapon Shoppe.
 15430 | D:10     | Noticed a two-headed ogre
 15440 | D:10     | Killed a two-headed ogre
 15441 | D:10     | Reached XP level 12. HP: 52/104 MP: 15/15
 15740 | D:10     | Found a staircase to the Lair.
 16212 | Lair:1   | Entered Level 1 of the Lair of Beasts
 16596 | Lair:1   | Identified the +2 pair of gloves "Kaokul" {+Inv rF+ Str+2
                  | Int+4} (Okawaru gifted it to you on level 1 of the Lair of
                  | Beasts)
 16596 | Lair:1   | Received a gift from Okawaru
 16878 | Lair:1   | Noticed an eight-headed hydra
 16909 | Lair:1   | Killed an eight-headed hydra
 17177 | Lair:2   | Identified a scroll of acquirement
 17177 | Lair:2   | Acquired 680 gold pieces
 17190 | Lair:2   | Noticed a boulder beetle
 17440 | Lair:2   | Reached skill level 1 in Evocations
 17462 | Lair:2   | Killed a boulder beetle
 17463 | Lair:2   | Reached skill level 12 in Shields
 17634 | Lair:2   | Found a frozen archway.
 17640 | Lair:2   | Reached skill level 10 in Fighting
 17645 | IceCv    | Entered an ice cave
 18687 | IceCv    | Noticed a reaper
 19489 | IceCv    | Killed a reaper
 19490 | IceCv    | Reached XP level 13. HP: 94/113 MP: 17/17
 20310 | Lair:2   | Found a staircase to the Swamp.
 20366 | Lair:2   | Received a gift from Okawaru
 21711 | Lair:3   | Reached skill level 13 in Shields
 22019 | Lair:3   | Identified the +1 scale mail "Viuqauff" {Rampage rPois}
                  | (Okawaru gifted it to you on level 3 of the Lair of Beasts)
 22019 | Lair:3   | Received a gift from Okawaru
 22546 | Lair:4   | Found a staircase to the Snake Pit.
 23943 | Lair:5   | Found a radiant altar of Vehumet.
 24243 | Lair:5   | Reached skill level 1 in Short Blades
 24716 | Lair:6   | Entered Level 6 of the Lair of Beasts
 24759 | Lair:6   | Reached skill level 14 in Shields
 25227 | Lair:6   | Reached XP level 14. HP: 98/122 MP: 19/19
 25249 | Lair:6   | Received a gift from Okawaru
 25560 | Lair:6   | Reached skill level 5 in Evocations
 26091 | Lair:6   | Received a gift from Okawaru
 26191 | Lair:6   | Reached skill level 15 in Shields
 26204 | Lair:6   | Received a gift from Okawaru
 28296 | Lair:6   | Found a staircase to the Slime Pits.
 29338 | D:12     | Received a gift from Okawaru
 30124 | D:13     | Noticed Nessos
 30124 | D:13     | Found a gate to the Vaults.
 30248 | D:13     | Received a gift from Okawaru
 30571 | D:13     | Reached XP level 15. HP: 28/110 MP: 16/21
 31053 | D:13     | Found a hazy altar of Hepliaklqana.
 31055 | D:13     | Found a faded altar of an unknown god.
 31055 | D:13     | You fall into a shaft and drop 1 floor!
 31412 | D:13     | Killed Nessos
 31464 | D:13     | Reached skill level 16 in Shields
 31882 | Swamp:1  | Entered Level 1 of the Swamp
 31936 | Lair:2   | Reached skill level 10 in Invocations
 34022 | Swamp:1  | Received a gift from Okawaru
 34022 | Swamp:1  | Found the +8 storm bow {elec, penet}
 35043 | Swamp:2  | You are sucked into a shaft and drop 1 floor!
 35364 | Swamp:2  | Reached skill level 17 in Shields
 35498 | Swamp:2  | Noticed Kirke
 35514 | Swamp:2  | Killed Kirke
 35726 | Swamp:2  | Received a gift from Okawaru
 36151 | Swamp:3  | Noticed a thorn hunter
 36530 | Swamp:1  | Killed a thorn hunter
 36745 | Swamp:3  | HP: 2/134 [spriggan air mage/the air (18)]
 36746 | Swamp:3  | Mangled by a goliath frog

Illustrated notes

Levels and vault maps discovered:
D:1:      minmay_arrival_shattered_statue, layout_rooms, serial_shops,
          nicolae_shop_window_shopping, minmay_lizard_king
D:2:      layout_rooms, hellmonk_ecumenical_altar_watching_god
D:3:      layout_basic
D:4:      layout_loops_ring, kennysheep_orc_chapel
D:5:      layout_basic, uniq_menkaure
D:6:      layout_loops_ring, gammafunk_temple_overflow_elements,
          uniq_prince_ribbit1, uniq_pikel
D:7:      layout_loops_ring, lemuel_crystal_altar, trog_ov_bears_minmay,
          temple_hall, grunt_ministairs_14, roderic_filled_cross,
          glass_columns_c, grunt_decor_cap, due_unseen_surprise
D:8:      black_bear_nest_1, layout_basic, kennysheep_mini_moat,
          mainiacjoe_overflow_alcove_4, nicolae_overflow_crystal_walls
D:9:      layout_cave_pods, kennysheep_little_box,
          nicolae_yredelemnul_ghost_church, orc_0_dummy
D:10:     layout_stronghold, lair_entry_dummy, serial_column_ruins,
          column_ruins_open_tiny, column_ruins_corridor_corner,
          column_ruins_columns_corner, column_ruins_open_small,
          column_ruins_corridor_corner, column_ruins_columns_corner,
          serial_shops, nicolae_diamond_shop, hangedman_corner_corridor
D:11:     layout_grid_maze
D:12:     layout_rooms
D:13:     layout_cave_pods, david_vaults_3, beargit_hepliaklqana_dungeon_heroes
D:14:     layout_basic, nicolae_ru_sacrificial_ziggurat
Temple:   dshaligram_water_room_temple
Lair:1:   layout_big_grid, st_stairs_5
Lair:2:   lemuel_slime, layout_regular_city, minmay_swamp_entry_worms,
          portal_ice_cave_rime, minmay_lair_oklob_bushes
Lair:3:   layout_gridlike, lemuel_fruit_tree, grunt_megastairs_5
Lair:4:   layout_cave_pods, guppyfry_snake_entry_garden
Lair:5:   layout_misc_corridors, lemuel_altar_in_water2,
          kennysheep_catoblepas_arena, grunt_megastairs_2, serial_bayou_shore_b,
          serial_bayou_shore_a, infiniplex_staircase_pool_2,
          serial_bayou_shore_b
Lair:6:   evilmike_catoblepas_cave, layout_long_grid, slime_dummy
Swamp:1:  nicolae_swamp_tree_isthmus, layout_basic_swamp,
          evilmike_swamp_ruin_wall, swamp_pool1
Swamp:2:  layout_falls_marsh, evilmike_swamp_ruin_house_3,
          nicolae_swamp_catching_bugs, uniq_kirke
Swamp:3:  layout_basic_swamp, evilmike_swamp_ruin_house_4, swamp_pool1
Orc:1:    layout_caves
Orc:2:    st_orc_mages, layout_diamond_mine

Skill      XL: |  1  2  3  4  5  6  7  8  9 10 11 12 13 14 15 |
---------------+----------------------------------------------+-----
Fighting       | 4 5 6 7 8 9 10 11 12 | 12.4
Shields        | 4 5 6 7 8 10 11 12 14 15 17 | 17.2
Armour         | 4 5 6 7 8 9 11 12 13 | 13.5
Long Blades    | 3 4 5 6 8 10 11 12 13 14 | 14.5
Dodging        | 1 |  1.0
Throwing       | 1 3 4 5 6 7 |  7.2
Invocations    | 2 5 7 8 9 10 | 10.0
Evocations     | 2 4 6 8 |  8.1
Short Blades   | 1 2 |  2.8

Action                   |  1- 3 |  4- 6 |  7- 9 | 10-12 | 13-15 || total
-------------------------+-------+-------+-------+-------+-------++-------
Melee: Long sword        |   119 |   131 |   283 |  1013 |  1087 ||  2633
       Headbutt          |    16 |    23 |    59 |   272 |   560 ||   930
       Rapier            |       |       |       |    12 |    85 ||    97
       Scimitar          |       |       |       |       |   830 ||   830
Throw: Throwing net      |       |     1 |       |     1 |       ||     2
       Dart              |       |       |    26 |    76 |       ||   102
       Boomerang         |       |       |       |    57 |    58 ||   115
       Javelin           |       |       |       |    19 |       ||    19
Invok: Heroism           |       |       |       |    11 |     6 ||    17
       Finesse           |       |       |       |     6 |     6 ||    12
Evoke: Wand              |       |       |     6 |     3 |       ||     9
       Lightning rod     |       |       |       |     1 |     1 ||     2
  Use: Scroll            |       |     3 |     8 |     8 |    10 ||    29
       Potion            |       |     1 |       |     7 |     5 ||    13
 Stab: Distracted        |       |       |       |     1 |       ||     1
       Petrifying        |       |       |       |       |     1 ||     1
       Confused          |       |       |       |       |     1 ||     1
Armor: Scale mail        |    64 |    26 |       |       |       ||    90
       Chain mail        |       |    24 |   132 |   178 |       ||   334
       Plate armour      |       |       |       |   208 |   643 ||   851
Dodge: Dodged            |    32 |    47 |    73 |   206 |   200 ||   558
Block: Kite shield       |    60 |    64 |   163 |   552 |       ||   839
       Tower shield      |       |       |       |    81 |  2133 ||  2214
       Buckler           |       |       |       |    17 |       ||    17
       Reflection        |       |       |       |     1 |    46 ||    47
       Rpst.: Long sword |     6 |     9 |    20 |    34 |    25 ||    94
       Scimitar          |       |       |       |       |    16 ||    16
